% Time on Ice - LAS VEGAS LIZARD KINGS
Lines # - Real PCT - Wanted PCT - Time Play
Normal Forward
1 - 35% - 36% - 18:17
2 - 29% - 30% - 15:01
3 - 25% - 25% - 13:02
4 - 12% - 9% - 6:20
Normal Defense
1 - 40% - 45% - 20:57
2 - 37% - 35% - 19:18
3 - 22% - 20% - 11:44
4 - 1% - 0% - 0:41
PP Forward
1 - 60% - 65% - 3:35
2 - 40% - 35% - 2:22
PP Defense
1 - 63% - 55% - 3:45
2 - 37% - 45% - 2:12
PK Forward
1 - 88% - 55% - 1:13
2 - 12% - 45% - 0:10
PK Defense
1 - 45% - 60% - 0:37
2 - 55% - 40% - 0:46
PK3 Forward
1 - 0% - 55%
2 - 0% - 45%
PK3 Defense
1 - 0% - 55%
2 - 0% - 45%
44 Forward
1 - 0% - 55%
2 - 0% - 45%
44 Defense
1 - 0% - 55%
2 - 0% - 45%
Last Minute Offensive  - 0:00
Last Minute Defensive  - 0:00
Total
Forward - 60:00
Defense - 60:00
% Time on Ice - VANCOUVER VOODOO
Lines # - Real PCT - Wanted PCT - Time Play
Normal Forward
1 - 33% - 36% - 17:21
2 - 32% - 36% - 16:43
3 - 24% - 24% - 12:33
4 - 11% - 4% - 6:03
Normal Defense
1 - 36% - 36% - 19:02
2 - 34% - 34% - 17:56
3 - 30% - 30% - 15:42
4 - 0% - 0% - 0:00
PP Forward
1 - 45% - 53% - 0:37
2 - 55% - 47% - 0:46
PP Defense
1 - 37% - 53% - 0:31
2 - 63% - 47% - 0:52
PK Forward
1 - 74% - 60% - 4:23
2 - 26% - 40% - 1:34
PK Defense
1 - 44% - 53% - 2:37
2 - 56% - 47% - 3:20
PK3 Forward
1 - 0% - 55%
2 - 0% - 45%
PK3 Defense
1 - 0% - 52%
2 - 0% - 48%
44 Forward
1 - 0% - 51%
2 - 0% - 49%
44 Defense
1 - 0% - 52%
2 - 0% - 48%
Last Minute Offensive  - 0:00
Last Minute Defensive  - 0:00
Total
Forward - 60:00
Defense - 60:00
Play-by-Play 1st period 0:01 of 1st period - Sean Couturier wins face-off versus Ryan Nugent-Hopkins in neutral zone. 0:04 of 1st period - Joe Pavelski is hit by Josh Anderson and loses puck. 0:13 of 1st period - Sean Couturier is hit by Joe Pavelski and loses puck. 0:24 of 1st period - Shot by Joe Pavelski. 0:24 of 1st period - Deflect By Johnny Gaudreau. 0:24 of 1st period - Stopped by Filip Gustavsson with a rebound. 0:38 of 1st period - Shot by Johnny Gaudreau. 0:38 of 1st period - Shot Misses the Net. 1:54 of 1st period - Shot by Jeff Carter. 1:54 of 1st period - Shot Misses the Net. 2:08 of 1st period - Shot by Jeff Carter. 2:08 of 1st period - Shot Hit the Post. 2:10 of 1st period - Shot by Jeff Carter. 2:10 of 1st period - Stopped by Filip Gustavsson without a rebound. 2:11 of 1st period - Luke Glendening wins face-off versus Joshua Norris in VANCOUVER VOODOO zone. 3:37 of 1st period - Shot by Johnny Gaudreau. 3:37 of 1st period - Stopped by Filip Gustavsson without a rebound. 3:38 of 1st period - Jeff Carter wins face-off versus Christian Dvorak in VANCOUVER VOODOO zone. 3:51 of 1st period - Shot by Victor Olofsson. 3:51 of 1st period - Stopped by Filip Gustavsson without a rebound. 3:52 of 1st period - Christian Dvorak wins face-off versus Vladislav Namestnikov in VANCOUVER VOODOO zone. 4:07 of 1st period - Icing by Brandon Hagel. 4:08 of 1st period - Vladislav Namestnikov wins face-off versus Alex Newhook in LAS VEGAS LIZARD KINGS zone. 4:23 of 1st period - Shot by Michael Pezzetta. 4:23 of 1st period - Shot Misses the Net. 4:25 of 1st period - Shot by Jordan Harris. 4:25 of 1st period - Shot Blocked by John Marino. 4:29 of 1st period - Shot by Alex Newhook. 4:29 of 1st period - Shot Misses the Net. 5:18 of 1st period - Minor Penalty to Braden Schneider for Interference. 5:19 of 1st period - Christian Dvorak wins face-off versus Ryan Nugent-Hopkins in VANCOUVER VOODOO zone. 5:25 of 1st period - Icing by Brandon Hagel. 5:26 of 1st period - Christian Dvorak wins face-off versus Joe Pavelski in LAS VEGAS LIZARD KINGS zone. 5:45 of 1st period - Shot by Brandon Hagel. 5:45 of 1st period - Stopped by Filip Gustavsson without a rebound. 5:46 of 1st period - Jeff Carter wins face-off versus Christian Dvorak in VANCOUVER VOODOO zone. 5:47 of 1st period - Shot by Vladislav Namestnikov. 5:47 of 1st period - Stopped by Filip Gustavsson without a rebound. 5:48 of 1st period - Ryan Nugent-Hopkins wins face-off versus Christian Dvorak in VANCOUVER VOODOO zone. 6:43 of 1st period - Vladislav Namestnikov is hit by Rafael Harvey-Pinard and loses puck. 6:50 of 1st period - Shot by John Marino. 6:50 of 1st period - Shot Misses the Net. 6:52 of 1st period - Shot by John Marino. 6:52 of 1st period - Stopped by Filip Gustavsson without a rebound. 6:53 of 1st period - Sean Couturier wins face-off versus Jeff Carter in VANCOUVER VOODOO zone. 8:22 of 1st period - Shot by Joshua Norris. 8:22 of 1st period - Shot Misses the Net. 8:24 of 1st period - Shot by Ryan Suter. 8:24 of 1st period - Shot Misses the Net. 8:36 of 1st period - Shot by Joshua Norris. 8:36 of 1st period - Shot Misses the Net. 8:40 of 1st period - Shot by Joshua Norris. 8:40 of 1st period - Stopped by Sergei Bobrovsky without a rebound. 8:41 of 1st period - Christian Dvorak wins face-off versus Jeff Carter in LAS VEGAS LIZARD KINGS zone. 8:48 of 1st period - Shot by Christian Dvorak. 8:48 of 1st period - Stopped by Sergei Bobrovsky without a rebound. 8:49 of 1st period - Sean Couturier wins face-off versus Evan Rodrigues in LAS VEGAS LIZARD KINGS zone. 8:50 of 1st period - Shot by Patrick Kane. 8:50 of 1st period - Stopped by Sergei Bobrovsky without a rebound. 8:51 of 1st period - Vladislav Namestnikov wins face-off versus Sean Couturier in LAS VEGAS LIZARD KINGS zone. 9:27 of 1st period - Shot by Evan Rodrigues. 9:27 of 1st period - Stopped by Filip Gustavsson without a rebound. 9:28 of 1st period - Joshua Norris wins face-off versus Ryan Nugent-Hopkins in VANCOUVER VOODOO zone. 9:28 of 1st period - Joshua Norris is hit by Joe Pavelski. 9:40 of 1st period - Shot by Nicolas Roy. 9:40 of 1st period - Shot Misses the Net. 9:43 of 1st period - Icing by Johnny Gaudreau. 9:44 of 1st period - Ryan Nugent-Hopkins wins face-off versus Christian Dvorak in LAS VEGAS LIZARD KINGS zone. 10:42 of 1st period - Shot by Jeff Carter. 10:42 of 1st period - Shot Misses the Net. 10:56 of 1st period - Shot by Victor Olofsson. 10:56 of 1st period - Shot Blocked by Braden Schneider. 11:00 of 1st period - Shot by Dillon Dube. 11:00 of 1st period - Stopped by Filip Gustavsson without a rebound. 11:01 of 1st period - Vladislav Namestnikov wins face-off versus Rafael Harvey-Pinard in VANCOUVER VOODOO zone. 11:18 of 1st period - Jordan Harris is hit by Brandon Hagel. 11:28 of 1st period - Shot by Vladislav Namestnikov. 11:28 of 1st period - Stopped by Filip Gustavsson without a rebound. 11:29 of 1st period - Ryan Nugent-Hopkins wins face-off versus Sean Couturier in VANCOUVER VOODOO zone. 11:32 of 1st period - Shot by Ryan Nugent-Hopkins. 11:32 of 1st period - Shot Blocked by Alexander Romanov. 12:31 of 1st period - Shot by Victor Olofsson. 12:31 of 1st period - Deflect By Dillon Dube. 12:31 of 1st period - Stopped by Filip Gustavsson without a rebound. 12:32 of 1st period - Vladislav Namestnikov wins face-off versus Joshua Norris in VANCOUVER VOODOO zone. 13:49 of 1st period - Shot by Josh Bailey. 13:49 of 1st period - Stopped by Sergei Bobrovsky without a rebound. 13:50 of 1st period - Jeff Carter wins face-off versus Sean Couturier in LAS VEGAS LIZARD KINGS zone. 14:11 of 1st period - Shot by Patrick Kane. 14:11 of 1st period - Shot Blocked by John Marino. 14:13 of 1st period - Shot by Sean Couturier. 14:13 of 1st period - Stopped by Sergei Bobrovsky with a rebound. 14:15 of 1st period - Shot by Ryan Suter. 14:15 of 1st period - Shot Misses the Net. 14:21 of 1st period - Shot by Sean Couturier. 14:21 of 1st period - Shot Misses the Net. 14:33 of 1st period - Shot by Patrick Kane. 14:33 of 1st period - Shot Blocked by John Marino. 14:40 of 1st period - Icing by Brayden McNabb. 14:41 of 1st period - Jeff Carter wins face-off versus Joshua Norris in LAS VEGAS LIZARD KINGS zone. 14:53 of 1st period - Rafael Harvey-Pinard is hit by Matthew Grzelcyk and loses puck. 15:03 of 1st period - Rafael Harvey-Pinard is hit by Matt Roy and loses puck. 15:06 of 1st period - Shot by Nicolas Roy. 15:06 of 1st period - Stopped by Sergei Bobrovsky without a rebound. 15:07 of 1st period - Luke Glendening wins face-off versus Christian Dvorak in LAS VEGAS LIZARD KINGS zone. 15:07 of 1st period - Luke Glendening is hit by Jonathan Drouin. 15:52 of 1st period - Off-side. 15:53 of 1st period - Ryan Nugent-Hopkins wins face-off versus Joshua Norris in neutral zone. 16:20 of 1st period - Shot by Ryan Nugent-Hopkins. 16:20 of 1st period - Shot Misses the Net. 16:22 of 1st period - Shot by Ryan Nugent-Hopkins. 16:22 of 1st period - Shot Blocked by Ryan Suter. 17:12 of 1st period - Shot by Josh Anderson. 17:12 of 1st period - Shot Misses the Net. 17:14 of 1st period - Shot by Josh Anderson. 17:14 of 1st period - Stopped by Sergei Bobrovsky without a rebound. 17:15 of 1st period - Christian Dvorak wins face-off versus Vladislav Namestnikov in LAS VEGAS LIZARD KINGS zone. 17:20 of 1st period - Shot by Jonathan Drouin. 17:20 of 1st period - Stopped by Sergei Bobrovsky without a rebound. 17:21 of 1st period - Sean Couturier wins face-off versus Vladislav Namestnikov in LAS VEGAS LIZARD KINGS zone. 17:46 of 1st period - Shot by Josh Anderson. 17:46 of 1st period - Shot Blocked by Matt Roy. 18:21 of 1st period - Icing by Johnny Gaudreau. 18:22 of 1st period - Joe Pavelski wins face-off versus Joshua Norris in LAS VEGAS LIZARD KINGS zone. 18:53 of 1st period - Shot by Rafael Harvey-Pinard. 18:53 of 1st period - Shot Misses the Net. 19:01 of 1st period - Shot by Joshua Norris. 19:01 of 1st period - Shot Misses the Net. 19:03 of 1st period - Shot by Joshua Norris. 19:03 of 1st period - Shot Misses the Net. 19:05 of 1st period - Shot by Joshua Norris. 19:05 of 1st period - Stopped by Sergei Bobrovsky without a rebound. 19:06 of 1st period - Jeff Carter wins face-off versus Christian Dvorak in LAS VEGAS LIZARD KINGS zone. 19:06 of 1st period - Jeff Carter is hit by Jonathan Drouin. 19:09 of 1st period - Icing by Dillon Dube. 19:10 of 1st period - Jeff Carter wins face-off versus Christian Dvorak in LAS VEGAS LIZARD KINGS zone. 19:15 of 1st period - Shot by Dillon Dube. 19:15 of 1st period - Shot Blocked by Alexander Romanov. 19:17 of 1st period - Shot by Jeff Carter. 19:17 of 1st period - Shot Blocked by Ryan Suter. 19:19 of 1st period - Shot by Jeff Carter. 19:19 of 1st period - Stopped by Filip Gustavsson without a rebound. 19:20 of 1st period - Sean Couturier wins face-off versus Vladislav Namestnikov in VANCOUVER VOODOO zone. 19:29 of 1st period - Shot by Sean Couturier. 19:29 of 1st period - Goal by Sean Couturier - LAS VEGAS LIZARD KINGS : 0 - VANCOUVER VOODOO : 1. 19:30 of 1st period - Jeff Carter wins face-off versus Joshua Norris in neutral zone. Goals for this period are 0 for LAS VEGAS LIZARD KINGS vs 1 for VANCOUVER VOODOO. Shots for this period are 12 for LAS VEGAS LIZARD KINGS vs 10 for VANCOUVER VOODOO. 2nd period 0:01 of 2nd period - Ryan Nugent-Hopkins wins face-off versus Joshua Norris in neutral zone. 0:01 of 2nd period - Ryan Nugent-Hopkins is hit by Rafael Harvey-Pinard. 0:07 of 2nd period - Shot by Ryan Nugent-Hopkins. 0:07 of 2nd period - Shot Misses the Net. 0:15 of 2nd period - Shot by Rafael Harvey-Pinard. 0:15 of 2nd period - Shot Misses the Net. 0:17 of 2nd period - Shot by Joshua Norris. 0:17 of 2nd period - Stopped by Sergei Bobrovsky without a rebound. 0:18 of 2nd period - Sean Couturier wins face-off versus Vladislav Namestnikov in LAS VEGAS LIZARD KINGS zone. 0:23 of 2nd period - Shot by Patrick Kane. 0:23 of 2nd period - Stopped by Sergei Bobrovsky without a rebound. 0:24 of 2nd period - Sean Couturier wins face-off versus Ryan Nugent-Hopkins in LAS VEGAS LIZARD KINGS zone. 0:43 of 2nd period - Shot by Patrick Kane. 0:43 of 2nd period - Stopped by Sergei Bobrovsky without a rebound. 0:44 of 2nd period - Vladislav Namestnikov wins face-off versus Joshua Norris in LAS VEGAS LIZARD KINGS zone. 0:48 of 2nd period - Icing by Vladislav Namestnikov. 0:49 of 2nd period - Joshua Norris wins face-off versus Vladislav Namestnikov in LAS VEGAS LIZARD KINGS zone. 1:21 of 2nd period - Evan Rodrigues is hit by Carson Soucy and loses puck. 1:50 of 2nd period - Patrick Kane is hit by Vladislav Namestnikov and loses puck. 2:19 of 2nd period - Shot by Dillon Dube. 2:19 of 2nd period - Stopped by Filip Gustavsson with a rebound. 2:25 of 2nd period - Shot by Victor Olofsson. 2:25 of 2nd period - Stopped by Filip Gustavsson without a rebound. 2:26 of 2nd period - Christian Dvorak wins face-off versus Ryan Nugent-Hopkins in VANCOUVER VOODOO zone. 2:45 of 2nd period - Shot by Joe Pavelski. 2:45 of 2nd period - Deflect By Johnny Gaudreau. 2:45 of 2nd period - Goal by Johnny Gaudreau - LAS VEGAS LIZARD KINGS : 1 - VANCOUVER VOODOO : 1. 2:46 of 2nd period - Luke Glendening wins face-off versus Alex Newhook in neutral zone. 3:15 of 2nd period - Zemgus Girgensons is hit by Michael Pezzetta and loses puck. 3:55 of 2nd period - Ryan Suter is hit by Patrik Nemeth and loses puck. 4:15 of 2nd period - Shot by Joe Pavelski. 4:15 of 2nd period - Stopped by Filip Gustavsson without a rebound. 4:16 of 2nd period - Jeff Carter wins face-off versus Joshua Norris in VANCOUVER VOODOO zone. 4:25 of 2nd period - Shot by Victor Olofsson. 4:25 of 2nd period - Stopped by Filip Gustavsson without a rebound. 4:26 of 2nd period - Vladislav Namestnikov wins face-off versus Christian Dvorak in VANCOUVER VOODOO zone. 4:37 of 2nd period - Shot by Vladislav Namestnikov. 4:37 of 2nd period - Deflect By Brandon Hagel. 4:37 of 2nd period - Stopped by Filip Gustavsson with a rebound. 4:47 of 2nd period - Shot by Vladislav Namestnikov. 4:47 of 2nd period - Shot Blocked by Carson Soucy. 4:49 of 2nd period - Shot by Evan Rodrigues. 4:49 of 2nd period - Shot Misses the Net. 4:51 of 2nd period - Shot by Matt Roy. 4:51 of 2nd period - Stopped by Filip Gustavsson without a rebound. 4:52 of 2nd period - Joshua Norris wins face-off versus Jeff Carter in VANCOUVER VOODOO zone. 4:52 of 2nd period - Nicolas Roy is hit by Dillon Dube and loses puck. 5:02 of 2nd period - Icing by Nicolas Hague. 5:03 of 2nd period - Joshua Norris wins face-off versus Ryan Nugent-Hopkins in VANCOUVER VOODOO zone. 5:19 of 2nd period - Shot by Johnny Gaudreau. 5:19 of 2nd period - Stopped by Filip Gustavsson without a rebound. 5:20 of 2nd period - Christian Dvorak wins face-off versus Jeff Carter in VANCOUVER VOODOO zone. 5:20 of 2nd period - Christian Dvorak is hit by Dillon Dube. 5:28 of 2nd period - Shot by Jonathan Drouin. 5:28 of 2nd period - Shot Misses the Net. 5:30 of 2nd period - Shot by Jordan Harris. 5:30 of 2nd period - Stopped by Sergei Bobrovsky without a rebound. 5:31 of 2nd period - Sean Couturier wins face-off versus Ryan Nugent-Hopkins in LAS VEGAS LIZARD KINGS zone. 5:56 of 2nd period - Icing by Matthew Grzelcyk. 5:57 of 2nd period - Ryan Nugent-Hopkins wins face-off versus Joshua Norris in LAS VEGAS LIZARD KINGS zone. 6:36 of 2nd period - John Marino is hit by Rafael Harvey-Pinard and loses puck. 7:19 of 2nd period - Dillon Dube is hit by